 Dungeon Crawl Stone Soup version 0.20.1-1-g8b1a95d (webtiles) character file.

490 equalderp2856 the Chopper (level 6, -1/47 HPs)
             Began as a Mummy Fighter on Oct 27, 2017.
             Slain by an orc priest
             ... wielding a +0 dagger
              (6 damage)
             ... on level 3 of the Dungeon.
             The game lasted 00:05:21 (3663 turns).

equalderp2856 the Chopper (Mummy Fighter)           Turns: 3663, Time: 00:05:22

Health: -1/47      AC:  9    Str: 23    XL:     6   Next: 90%
Magic:  18/18      EV:  8    Int:  9    God:
Gold:   160        SH:  9    Dex: 12    Spells: 9/9 levels left

rFire    x . .     SeeInvis .   n - +0 hand axe (chop)
rCold    + . .     Gourm    .   c - +0 shield
rNeg     + + +     Faith    .   b - +0 scale mail
rPois    ∞         Spirit   .   (no helmet)
rElec    .         Reflect  .   (no cloak)
rCorr    .         Harm     .   p - +1 pair of gloves
MR       .....                  (no boots)
Stlth    ..........             (no amulet)
Regen    0.2/turn               h - ring of magical power
MPRegen  0.2/turn               f - +4 ring of strength

@: no status effects
A: no food or potions, fire vulnerability, cold resistance 1, negative energy
resistance 3, torment resistance, unbreathing
a: no special abilities


You were on level 3 of the Dungeon.
You were not hungry.

You visited 1 branch of the dungeon, and saw 4 of its levels.

You collected 160 gold pieces.

Inventory:

Hand Weapons
 a - a +0 war axe
 n - a +0 hand axe of chopping (weapon)
Armour
 b - a +0 scale mail (worn)
 c - a +0 shield (worn)
 p - a +1 pair of gloves (worn)
Jewellery
 f - a +4 ring of strength (right hand)
 h - a ring of magical power (left hand)
 o - an uncursed ring of ice {unknown}
 q - the ring of the Turtledove {Ice Str+5, unknown}
   (You found it on level 4 of the Dungeon)

   [ring of ice]

   It enhances your ice magic.
   It affects your strength (+5).
   It makes you vulnerable to fire.
   It protects you from cold.
Wands
 l - a wand of lightning (8/15)
 m - a wand of clouds (2/9)
Scrolls
 d - 3 scrolls of recharging {unknown}
 e - 8 scrolls of remove curse {unknown}
 g - a scroll of noise {unknown}
 i - a scroll of enchant weapon {unknown}
 j - 2 scrolls of immolation {unknown}
 k - 3 scrolls of identify {unknown}
 r - a scroll of magic mapping {unknown}


   Skills:
 + Level 3.5 Fighting
 * Level 4.5 Axes
 + Level 3.4 Armour
 + Level 1.1 Dodging
 + Level 3.1 Shields
 * Level 2.0 Spellcasting


You had 9 spell levels left.
You didn't know any spells.

Dungeon Overview and Level Annotations

Branches:
Dungeon (4/15)
 Temple: D:4-7

Altars:
Ashenzari
Trog


Innate Abilities, Weirdness & Mutations

You do not eat or drink.
Your flesh is vulnerable to fire.
You are immune to poison.
Your flesh is cold resistant. (rC+)
You are immune to negative energy. (rN+++)
You are immune to unholy pain and torment.
You can survive without breathing.


Message History

You see here 2 poisoned needles.
There is a stone staircase leading up here.
The orc priest hits you with a dagger.
* * * LOW HITPOINT WARNING * * *
You climb upwards.
A rat comes into view.
There is a stone staircase leading down here.
You closely miss the orc priest.
The orc priest is moderately wounded.
The orc priest begins to cast a cantrip, but forgets the words!
You closely miss the orc priest.
The orc priest is moderately wounded.
You barely miss the rat. The rat bites you but does no damage.
You block the orc priest's attack.
You closely miss the orc priest.
The orc priest is moderately wounded.
You hit the rat.
You kill the rat!
The orc priest hits you with a dagger.
You die...

#.........######.##############
#.........# #.............#..
#..(......## ##........###...#
#..........## #..............#
#...........# #........#####..
###########.## #........# ###
#........# #........#######
#........####.##...........
#........†@o#.###..........
#.......###....##.........#
####.#### ###...........).# #.#
#.#........(.†#
#.########.#..........<#
##...............)......#
##..............>........#
#...........†....#.....###
#................###.#....


You could see an orc priest.

Vanquished Creatures
  2 howler monkeys (D:4)
  A hound (D:4)
  A bullfrog skeleton (D:4)
  An orc priest (D:3)
  Terence (D:2)
  3 worker ants (D:4)
  An iguana (D:4)
  3 gnolls (D:2)
  6 adders
  An ooze (D:4)
  2 dart slugs
  6 worms
  2 leopard geckos
  13 orcs
  5 giant cockroaches
  12 hobgoblins
  8 kobolds
  8 bats
  8 goblins
  A quokka skeleton (D:4)
  9 rats
94 creatures vanquished.

Notes
Turn   | Place    | Note
-------+----------+-------------------------------------------
     0 | D:1      | equalderp2856 the Mummy Fighter began the quest for the Orb.
     0 | D:1      | Reached XP level 1. HP: 18/18 MP: 1/1
   152 | D:1      | Reached XP level 2. HP: 24/24 MP: 2/2
   325 | D:1      | Reached skill level 2 in Axes
   405 | D:1      | Reached XP level 3. HP: 29/29 MP: 3/3
   822 | D:2      | Found a bloodstained altar of Trog.
  1092 | D:2      | Found a shattered altar of Ashenzari.
  1142 | D:2      | Reached XP level 4. HP: 35/35 MP: 4/4
  1281 | D:2      | Reached skill level 3 in Axes
  1830 | D:3      | Reached XP level 5. HP: 38/41 MP: 5/5
  2114 | D:3      | Noticed Terence
  2165 | D:2      | Killed Terence
  2565 | D:4      | Reached skill level 1 in Dodging
  2565 | D:4      | Reached skill level 1 in Spellcasting
  2627 | D:4      | Got a heavily runed silver ring
  2753 | D:4      | Reached XP level 6. HP: 44/47 MP: 7/7
  2760 | D:4      | Reached skill level 4 in Axes
  3663 | D:3      | Slain by an orc priest

Skill      XL: |  1  2  3  4  5  6 |
---------------+-------------------+-----
Axes           | 2 3 4 |  4.5
Armour         | 3 |  3.4
Dodging        | 1 |  1.1
Spellcasting   | 1 2 |  2.0
Shields        | 3 |  3.1
Fighting       | |  3.5

Action                   |  1- 3 |  4- 6 || total
-------------------------+-------+-------++-------
Melee: War axe           |   104 |    76 ||   180
       Hand axe          |       |   162 ||   162
Armor: Scale mail        |    40 |    88 ||   128
Dodge: Dodged            |    42 |    62 ||   104
Block: Shield            |    65 |   121 ||   186
